Description

v2

Build Order

Get SALT Encoding   

  12  0:01  Drone  
  13  0:13  Overlord  
  13  0:16  Drone x4  
  17  0:46  Spawning Pool  
  16  0:49  Drone  
  17  1:09  Hatchery  
  16  1:16  Extractor  
  15  1:18  Drone x4  
  19  1:33  Queen  
  21  1:41  Overlord  
  21  1:46  Drone  
  22  2:03  Zergling x2  
  23  2:09  Queen  
  25  2:22  Metabolic Boost  
  25  2:24  Zergling x4  
  27  2:29  Queen  
  29  2:32  Drone  
  30  2:37  Overlord  
  30  2:40  Drone x8  
  38  3:09  Roach Warren  
  37  3:11  Drone x6  
  42  3:24  Overlord  
  42  3:26  Drone x2  
  44  3:35  Hatchery  
  43  3:37  Drone  
  44  3:40  Overlord  
  44  3:42  Drone x8  
  51  3:59  Lair  
  51  4:02  Evolution Chamber  
  50  4:09  Extractor x2  
  48  4:29  Zerg Missile Weapons Level 1  
Spawning Tool Build Advisor. Get it on Overwolf

Analysis

v2

Go to:

Details

  • Created by: rustyspatular
  • Published on: Aug 18, 2019
  • Modified on: Aug 18, 2019
  • Patch: 4.7.1
  • Difficulty: Easy
Show
View Real Time Build Order
Export as new Build Order

Comments (0)

There are no comments. Be the first!

Create an account to comment!